 Dungeon Crawl Stone Soup version 0.29-a0-824-gd827844252 (webtiles) character file.

Game seed: 6856752361334578412

281 Malachi the Ruffian (level 6, 0/63 HPs)
             Began as an Octopode Berserker on July 10, 2022.
             Was a Believer of Trog.
             Slain by a quasit (2 damage)
             ... summoned by Eustachio
             ... on level 4 of the Dungeon.
             The game lasted 00:02:14 (3145 turns).

Malachi the Ruffian (Octopode Berserker)            Turns: 3145, Time: 00:02:16

Health: 0/63       AC:  1    Str: 16      XL:     6   Next: 27%
Magic:  6/6        EV: 13    Int: 11      God:    Trog [**....]
Gold:   134        SH:  0    Dex:  8 (12) Spells: 5/5 levels left

rFire   . . .      SeeInvis .     - Unarmed
rCold   . . .      Faith    .   (no shield)
rNeg    . . .      Spirit   .   (helmet restricted)
rPois   .          Reflect  .   (no amulet)
rElec   .          Harm     .   (no ring)
rCorr   .          Rampage  .   (no ring)
Will    .....                   (no ring)
Stlth   ..........              (no ring)
HPRegen 0.20/turn               (no ring)
MPRegen 0.10/turn               (no ring)
                                (no ring)
                                (no ring)

@: berserking (expiring), very quick
A: almost no armour, amphibious, 8 rings, camouflage 1, gelatinous body 1,
(nimble swimmer 1), tentacles
a: Renounce Religion, Berserk, Trog's Hand


You were on level 4 of the Dungeon.
You worshipped Trog.
Trog was pleased with you.
You visited 1 branch of the dungeon, and saw 4 of its levels.

You collected 134 gold pieces.

Inventory:

Missiles
 i - 5 silver javelins (quivered)
Scrolls
 b - 5 scrolls of identify {unknown}
 c - 3 scrolls of poison {unknown}
 f - a scroll of teleportation {unknown}
 g - a scroll of acquirement {unknown}
 h - 2 scrolls of magic mapping {unknown}
 m - a scroll of immolation {unknown}
 n - a scroll of brand weapon {unknown}
Potions
 a - a potion of cancellation {unknown}
 d - 2 potions of berserk rage {unknown}
 e - a potion of brilliance {unknown}
 j - 3 potions of curing {unknown}
 k - a potion of resistance {unknown}
 l - a potion of magic {unknown}
 o - a potion of lignification {unknown}


   Skills:
 - Level 3.0 Fighting
 - Level 3.0 Dodging
 * Level 6.8 Unarmed Combat


You had 5 spell levels left.
You didn't know any spells.
Your spell library was empty.

Dungeon Overview and Level Annotations

Branches:
Dungeon (4/15)
 Temple: D:4-7

Altars:
Elyvilon
Zin
The Shining One

Annotations:
D:4 Eustachio


Innate Abilities, Weirdness & Mutations

You cannot wear most types of armour.
You are amphibious.
You can wear up to eight rings at the same time.
Your skin changes colour to match your surroundings (Stealth+).
Your rubbery body absorbs attacks. (AC +1, EV +1)
((You are camouflaged when in or above water. (Stealth+)))
You have tentacles for arms and can constrict up to eight enemies at once.


Message History

You feel yourself moving faster!
You feel mighty!
The white imp disappears in a puff of smoke!
Eustachio mumbles some strange words.
Eustachio blinks!
The white imp gestures at you. The puff of frost hits you!
You feel a strong urge to attack something.
The quasit bites you.
* * * LOW HITPOINT WARNING * * *
You feel clumsy. The quasit barely misses you.
The quasit misses you. x2; The quasit claws you.
* * * LOW HITPOINT WARNING * * *
The quasit claws you.
* * * LOW HITPOINT WARNING * * *
You feel clumsy. Eustachio hits you with a +0 rapier!
* * * LOW HITPOINT WARNING * * *
The white imp gestures at you. The puff of frost hits you.
* * * LOW HITPOINT WARNING * * *
You bludgeon Eustachio! You grab Eustachio.
Eustachio is moderately wounded.
You constrict Eustachio. Eustachio misses you.
You tentacle-slap Eustachio.
Eustachio is heavily wounded.
You constrict Eustachio, but do no damage.
The quasit barely misses you. The quasit closely misses you.
The quasit misses you. The quasit bites you.
* * * LOW HITPOINT WARNING * * *
You feel clumsy. The quasit misses you. x2
You bludgeon Eustachio!
Eustachio is severely wounded.
You constrict Eustachio. The quasit misses you. The quasit claws you.
* * * LOW HITPOINT WARNING * * *
The quasit claws you.
* * * LOW HITPOINT WARNING * * *
You feel clumsy. The quasit misses you. The quasit claws you.
You die...

#####....## ..........
###.......# .....
.'.......###......
#########.......#........
................#..........
................+..........
........)@....).#..........
..........@5#..............
#..........5...............
#...................#......
######..............#......
#.......5......####...
#....................#
#..........###........<
#....#....:# #.........
#..........# #.........


You could see Eustachio, 2 quasits and a white imp (summoned).

Vanquished Creatures
  A phantom (D:4)
  A howler monkey (D:4)
  Terence (D:3)
  6 adders
  An ufetubus (D:4)
  A worm (D:2)
  4 dart slugs
  An orc (D:3)
  6 endoplasms
  3 giant cockroaches
  10 goblins
  9 hobgoblins
  2 jackals (D:1)
  3 quokkas
  7 ball pythons
  6 bats
  3 frilled lizards
  4 kobolds (D:3)
  5 rats
74 creatures vanquished.

Notes
Turn   | Place    | Note
-------+----------+-------------------------------------------
     0 | D:1      | Malachi the Octopode Berserker began the quest for the Orb.
     0 | D:1      | Reached XP level 1. HP: 16/16 MP: 1/1
   182 | D:1      | Found a faded altar of an unknown god.
   199 | D:1      | Reached XP level 2. HP: 21/21 MP: 2/2
   621 | D:1      | Reached skill level 4 in Unarmed Combat
   631 | D:1      | You fall into a shaft and drop 1 floor!
   639 | D:2      | Reached XP level 3. HP: 25/26 MP: 3/3
  1346 | D:2      | Reached XP level 4. HP: 31/31 MP: 4/4
  1361 | D:2      | Reached ** piety under Trog
  1635 | D:2      | Reached skill level 5 in Unarmed Combat
  2026 | D:3      | Found a glowing golden altar of the Shining One.
  2276 | D:3      | Found a white marble altar of Elyvilon.
  2362 | D:3      | Found a glowing silver altar of Zin.
  2416 | D:3      | Noticed Terence
  2425 | D:3      | Killed Terence
  2426 | D:3      | Reached XP level 5. HP: 36/36 MP: 5/5
  2856 | D:4      | Noticed a phantom
  2867 | D:4      | Killed a phantom
  2868 | D:4      | Reached skill level 6 in Unarmed Combat
  2868 | D:4      | Reached XP level 6. HP: 42/42 MP: 6/6
  3130 | D:4      | Noticed Eustachio
  3145 | D:4      | HP: 3/63 [quasit[Eustachio] (1)]
  3145 | D:4      | Slain by a quasit

Illustrated notes

Levels and vault maps discovered:
D:1:      dpeg_arrival_three_bigger_balls, layout_basic,
          ebering_ecumenical_altar_abandoned
D:2:      minmay_general_purpose_star, layout_loops_corners
D:3:      layout_rooms, good_gods_mini_temple, guppyfry_early_lair_pool,
          uniq_terence
D:4:      layout_basic, mainiacjoe_overflow_cross_hatched,
          minmay_temple_entry_ruins, uniq_edmund, uniq_eustachio

Skill      XL: |  1  2  3  4  5 |
---------------+----------------+-----
Unarmed Combat | 4 5 6 |  6.8
Fighting       | |  3.0
Dodging        | |  3.0

Action                   |  1- 3 |  4- 6 || total
-------------------------+-------+-------++-------
Melee: Unarmed           |    65 |    90 ||   155
       Constrict         |    20 |    24 ||    44
       Tentacles         |    11 |    15 ||    26
       Punch             |     3 |       ||     3
Invok: Berserk           |       |     3 ||     3
 Stab: Sleeping          |     4 |     3 ||     7
Armor: Skin              |     7 |     9 ||    16
Dodge: Dodged            |    38 |    71 ||   109

Table legend: (Time is in decaauts)
 A = Elapsed time spent in this place.
 B = Non-inter-level travel time spent in this place.
 C = Inter-level travel time spent in this place.
 D = Time resting spent in this place.
 E = Time spent auto-exploring this place.
 F = Levels seen in this place.
 G = Mean time per level.
                   A        B        C        D        E       F      G
               +--------+--------+--------+--------+--------+-----+--------+
         Total |   3148 |   3060 |     88 |    528 |   2125 |   4 |  787.0 |
       Dungeon |   3148 |   3060 |     88 |    528 |   2125 |   4 |  787.0 |
               +--------+--------+--------+--------+--------+-----+--------+

Top non-repeatable levels by time:
     D:2: 1344 daAuts
     D:3: 873 daAuts
     D:1: 628 daAuts
     D:4: 302 daAuts
